 Dungeon Crawl Stone Soup version 0.29.0-4-gdea44cf6ec (webtiles) character file.

Game seed: 441730739506637274

2677 qw the Cleaver (level 9, -15/54 HPs)
             Began as a Tengu Warper on Aug 28, 2022.
             Was an Initiate of Okawaru.
             Demolished by a two-headed ogre
             ... wielding a +0 giant club
              (19 damage)
             ... on level 8 of the Dungeon.
             The game lasted 00:00:52 (8352 turns).

qw the Cleaver (Tengu Warper)                       Turns: 8352, Time: 00:00:52

Health: -15/54     AC: 10    Str: 16    XL:     9   Next: 64%
Magic:  13/13      EV: 10    Int: 13    God:    Okawaru [......]
Gold:   602        SH:  0    Dex: 19    Spells: 12/12 levels left

rFire   . . .      SeeInvis +   b - +10 broad axe of Action {freeze, rElec Dex+5 SInv}
rCold   . . .      Faith    .   (no shield)
rNeg    . . .      Spirit   .   h - +0 chain mail
rPois   +          Reflect  .   (helmet restricted)
rElec   +          Harm     .   c - +0 cloak
rCorr   .          Rampage  .   (no gloves)
Will    +....                   (boots unavailable)
Stlth   ..........              r - amulet of the acrobat
HPRegen 0.18/turn               e - ring of willpower
MPRegen 0.13/turn               m - ring of poison resistance

@: about to teleport, flying quickly and evasively, quick
A: beak, talons 3, nimble flight, mutation resistance 1
a: Renounce Religion


You were on level 8 of the Dungeon.
You worshipped Okawaru.
Okawaru was noncommittal.
You visited 2 branches of the dungeon, and saw 9 of its levels.
You also visited: Ossuary.

You collected 602 gold pieces.


Innate Abilities, Weirdness & Mutations

You have a beak for a mouth.
You have claws for feet.
Your magical nature lets you fly swiftly and evasively.
You are somewhat resistant to further mutation.


   Skills:
 - Level 5.1 Fighting
 + Level 11.5 Axes
 - Level 3.2 Throwing
 - Level 4.0 Armour
 - Level 4.0 Dodging
 - Level 2.0 Spellcasting
 - Level 2.4 Translocations


You had 12 spell levels left.
You didn't know any spells.
Your spell library contained the following spells:

 Spells                   Type           Power      Damage    Failure   Level
 Blink                    Tloc           14%        N/A       93%         2
 Gell's Gravitas          Tloc           7%         N/A       99%         3
 Lesser Beckoning         Tloc           7%         N/A       99%         3
 Teleport Other           Tloc           7%         N/A       99%         3
 Manifold Assault         Tloc           7%         N/A       100%        5

Inventory:

Hand Weapons
 b - the +10 broad axe of Action (weapon) {freeze, rElec Dex+5 SInv}
   (You acquired it on level 3 of the Dungeon)

   It freezes those it strikes, dealing additional cold damage.
   It can also slow down cold-blooded creatures.
   Dex:       It affects your dexterity (+5).
   rElec:     It insulates you from electricity.
   SInv:      It lets you see invisible.
 d - a +0 morningstar of freezing
Missiles
 g - 9 boomerangs (quivered)
Armour
 c - a +0 cloak (worn)
 h - a +0 chain mail (worn)
Jewellery
 e - a ring of willpower (left hand)
 k - a ring of see invisible
 m - a ring of poison resistance (right hand)
 o - a +6 ring of dexterity
 r - an amulet of the acrobat (around neck)
Scrolls
 a - 2 scrolls of identify
 l - 2 scrolls of teleportation
Potions
 f - 3 potions of might
 i - a potion of cancellation
 j - 7 potions of curing
 n - a potion of mutation
 p - a potion of attraction {unknown}
 q - 2 potions of heal wounds

Dungeon Overview and Level Annotations

Branches:
Dungeon (8/15)             Temple (1/1) D:7         Ossuary (visited)
   Lair: D:8-11

Altars:
Ashenzari
Cheibriados
Dithmenos
Elyvilon
Fedhas
Gozag
Hepliaklqana
Kikubaaqudgha
Makhleb
Nemelex Xobeh
Okawaru
Qazlal
Ru
Sif Muna
Trog
Uskayaw
Vehumet
Wu Jian
Xom
Yredelemnul
Zin
The Shining One


Message History

Okawaru accepts your kill.
You slash the kobold! You freeze the kobold.
You kill the kobold!
You start resting.
HP restored.
Items here: % (( )))).
s - a silver javelin You now have 588 gold pieces (gained 9).
Found 6 stones.
Enter note:
Found a falchion.
Enter note:
Found a ring mail.
You now have 602 gold pieces (gained 14).
A two-headed ogre comes into view. It is wielding two +0 giant clubs.
The two-headed ogre shouts in stereo!
The two-headed ogre moves out of view.
Throw: javelin (silver)
Press: ? - help, Q - select action, (/) - cycle Shift-Dir - straight line, f - two-headed ogre You throw a silver javelin.
The silver javelin barely misses the two-headed ogre.
You slash the two-headed ogre! You freeze the two-headed ogre.
The two-headed ogre is moderately wounded.
The two-headed ogre barely misses you.
The two-headed ogre hits you but does no damage.
You slash the two-headed ogre! You freeze the two-headed ogre.
You claw the two-headed ogre, but do no damage.
You peck the two-headed ogre.
The two-headed ogre is heavily wounded.
You slash the two-headed ogre! You freeze the two-headed ogre.
You claw the two-headed ogre, but do no damage.
You peck the two-headed ogre, but do no damage.
The two-headed ogre is almost dead.
The two-headed ogre hits you with a +0 giant club!! x2
Ouch! That really hurt!
8352 ||| READING 3 scrolls of teleportation.
As you read the scroll of teleportation, it crumbles to dust.
You feel strangely unstable.
The two-headed ogre hits you with a +0 giant club!!
You die...

#.# #.# ## ###.#
####... #....
.......
#.#.####...#.#.
#.#.##.@O......
#.###.#.#..#.....#.
#.........###...###
#####.##...#).#..#.
#### #....##.#....#
.(. ...#
#.#...#....#+# .#
.#.# #.#7.8#.#...[
. ...#
#.#...#...#... .#.#
#.#8.8##.###...


You could see a two-headed ogre.

Vanquished Creatures
  A water moccasin (D:7)
  2 ice beasts
  An orc warrior (D:6)
  3 black bears
  2 ogres (D:5)
  2 sky beasts (D:6)
  A kobold brigand (D:8)
  A necrophage (D:7)
  5 bullfrogs
  A gnoll sergeant (D:7)
  2 scorpions (D:4)
  2 centaur zombies (Ossuary)
  6 hounds
  A jelly (D:7)
  An orc priest (D:4)
  7 iguanas
  Natasha (twice) (D:3)
  Terence (D:3)
  6 orc wizards
  2 mummies (Ossuary)
  7 adders
  13 gnolls
  A shadow imp (D:7)
  2 dart slugs
  21 orcs
  3 ball pythons
  3 bats
  5 endoplasms
  A giant cockroach (D:4)
  2 gnoll zombies (Ossuary)
  4 goblins
  10 hobgoblins
  2 jackals (D:1)
  6 kobolds
  3 quokkas
  5 frilled lizards
  2 goblin zombies (Ossuary)
  6 hobgoblin zombies (Ossuary)
  2 orc zombies (Ossuary)
  6 rats
153 creatures vanquished.

Notes
Turn   | Place    | Note
-------+----------+-------------------------------------------
     0 | D:1      | qw the Tengu Warper began the quest for the Orb.
     0 | D:1      | Reached XP level 1. HP: 12/12 MP: 4/4
     0 | D:1      | 0 ||| qw: Version: 0.1-a-89-g26bdef1
     0 | D:1      | 0 ||| qw: Game counter: 859
     0 | D:1      | 0 ||| qw: Always use a shield: true
     0 | D:1      | 0 ||| qw: God list: Okawaru
     0 | D:1      | 0 ||| qw: Allow faded altars: false
     0 | D:1      | 0 ||| qw: Do Orc after D:15 true
     0 | D:1      | 0 ||| qw: Do second Lair branch before Depths: true
     0 | D:1      | 0 ||| qw: Lair rune preference: random
     0 | D:1      | 0 ||| qw: Plans: Normal
     0 | D:1      | 0 ||| PLANNING D:1-11
   163 | D:1      | Reached XP level 2. HP: 15/17 MP: 6/6
   290 | D:1      | Reached skill level 3 in Axes
   311 | D:1      | 311 ||| Stepping ~*~*~tactically~*~*~ (hiding).
   590 | D:1      | Reached XP level 3. HP: 15/21 MP: 7/7
   856 | D:1      | 856 ||| UPGRADING to +0 chain mail.
   866 | D:1      | 866 ||| DROPPING +0 leather armour.
   867 | D:1      | 867 ||| READING 2 scrolls labelled XOSAHI NEGGEAC.
   868 | D:1      | 868 ||| DROPPING scroll of blinking.
   980 | D:2      | Reached skill level 4 in Axes
  1517 | D:2      | 1517 ||| SWAPPING to +1 vampiric hand axe.
  1518 | D:2      | 1518 ||| DROPPING +0 hand axe.
  1819 | D:2      | 1819 ||| UPGRADING to +0 cloak.
  1824 | D:2      | 1824 ||| READING scroll labelled NEFALYI KO TOOWIM.
  1825 | D:2      | 1825 ||| READING scroll labelled EPOKIU EXINAXI.
  1826 | D:2      | 1826 ||| READING 3 scrolls of identify.
  1826 | D:2      | 1826 ||| IDENTIFYING puce potion
  1827 | D:2      | 1827 ||| READING 2 scrolls of identify.
  1827 | D:2      | 1827 ||| IDENTIFYING red potion
  1828 | D:2      | 1828 ||| DROPPING potion of flight.
  1872 | D:3      | Noticed Natasha
  1882 | D:3      | Killed Natasha
  1883 | D:3      | Reached XP level 4. HP: 12/26 MP: 8/8
  2117 | D:3      | Reached skill level 5 in Axes
  2309 | D:3      | Gained mutation: Your magical nature lets you fly swiftly
                  | and evasively. [Tengu growth]
  2309 | D:3      | Reached XP level 5. HP: 13/30 MP: 9/9
  2504 | D:3      | Found a faded altar of an unknown god.
  2693 | D:3      | Noticed Natasha
  2694 | D:3      | 2694 ||| Stepping ~*~*~tactically~*~*~ (hiding).
  2703 | D:3      | Killed Natasha
  2955 | D:3      | Noticed Terence
  2967 | D:3      | HP: 3/30 [Terence/+0 morningstar of freezing (11)]
  2968 | D:3      | 2968 ||| DRINKING potion of heal wounds.
  2972 | D:3      | Killed Terence
  3003 | D:3      | 3003 ||| DROPPING +0 mace.
  3016 | D:3      | 3016 ||| READING scroll labelled RIWIFO NIOTTE.
  3017 | D:3      | 3017 ||| READING scroll labelled ECUOHO WEAN.
  3018 | D:3      | 3018 ||| READING scroll labelled ZIUFEHYGUE.
  3019 | D:3      | 3019 ||| READING scroll labelled ZINOIJEM YHATY.
  3019 | D:3      | Identified a scroll of acquirement
  3019 | D:3      | 3019 ||| ACQUIRING +10 broad axe of Action {freeze, rElec
                  | Dex+5 SInv}
  3019 | D:3      | Acquired the +10 broad axe of Action {freeze, rElec Dex+5
                  | SInv}
  3021 | D:3      | 3021 ||| SWAPPING to +10 broad axe of Action {freeze, rElec
                  | Dex+5 SInv}.
  3022 | D:3      | 3022 ||| DROPPING +1 vampiric hand axe.
  3023 | D:3      | 3023 ||| DRINKING 4 silvery potions.
  3024 | D:3      | 3024 ||| READING 3 scrolls of identify.
  3024 | D:3      | 3024 ||| IDENTIFYING clear potion
  3025 | D:3      | 3025 ||| READING 2 scrolls of identify.
  3025 | D:3      | 3025 ||| IDENTIFYING fuming emerald potion
  3026 | D:3      | 3026 ||| DROPPING potion of lignification.
  3027 | D:3      | 3027 ||| DROPPING potion of brilliance.
  3063 | D:4      | 3063 ||| PLANNING OSSUARY
  3091 | D:4      | Found a sand-covered staircase.
  3095 | D:4      | 3095 ||| Stepping ~*~*~tactically~*~*~ (stealth).
  3096 | D:4      | 3096 ||| Stepping ~*~*~tactically~*~*~ (stealth).
  3098 | D:4      | 3098 ||| Stepping ~*~*~tactically~*~*~ (hiding).
  3100 | D:4      | 3100 ||| Stepping ~*~*~tactically~*~*~ (hiding).
  3105 | D:4      | 3105 ||| Stepping ~*~*~tactically~*~*~ (hiding).
  3108 | D:4      | Reached skill level 6 in Axes
  3110 | D:4      | Reached XP level 6. HP: 29/35 MP: 10/10
  3115 | D:4      | 3115 ||| Stepping ~*~*~tactically~*~*~ (stealth).
  3118 | D:4      | 3118 ||| FLEEEEING.
  3186 | Ossuary  | Entered an ossuary
  3298 | Ossuary  | Reached skill level 7 in Axes
  3487 | Ossuary  | 3487 ||| READING scroll labelled WUXTIS UCKISE.
  3502 | D:4      | 3502 ||| PLANNING D:1-11
  3529 | D:4      | 3529 ||| Stepping ~*~*~tactically~*~*~ (stealth).
  3531 | D:4      | 3531 ||| Stepping ~*~*~tactically~*~*~ (stealth).
  3581 | D:4      | Reached skill level 3 in Fighting
  3620 | D:4      | 3620 ||| Stepping ~*~*~tactically~*~*~ (stealth).
  3626 | D:4      | Reached XP level 7. HP: 41/41 MP: 11/11
  3633 | D:4      | 3633 ||| Stepping ~*~*~tactically~*~*~ (hiding).
  3635 | D:4      | 3635 ||| Stepping ~*~*~tactically~*~*~ (stealth).
  3638 | D:4      | 3638 ||| Stepping ~*~*~tactically~*~*~ (stealth).
  3644 | D:4      | 3644 ||| Stepping ~*~*~tactically~*~*~ (hiding).
  3645 | D:4      | 3645 ||| Stepping ~*~*~tactically~*~*~ (hiding).
  4348 | D:4      | 4348 ||| UPGRADING to ring of willpower.
  4349 | D:4      | 4349 ||| UPGRADING to ring of poison resistance.
  4350 | D:4      | 4350 ||| READING scroll labelled WEQETUFAMY.
  4403 | D:5      | Entered Level 5 of the Dungeon
  4427 | D:5      | Reached skill level 8 in Axes
  4476 | D:5      | Reached skill level 3 in Armour
  4491 | D:5      | 4491 ||| FLEEEEING.
  4492 | D:5      | 4492 ||| FLEEEEING.
  4501 | D:5      | 4501 ||| STAIRDANCE
  4562 | D:4      | 4562 ||| READING 2 scrolls of identify.
  4562 | D:4      | 4562 ||| IDENTIFYING black potion
  4947 | D:5      | HP: 3/41 [ogre/+0 giant spiked club (16)]
  4948 | D:5      | 4948 ||| READING scroll of teleportation.
  4950 | D:5      | Reached XP level 8. HP: 3/46 MP: 12/12
  5370 | D:5      | 5370 ||| Stepping ~*~*~tactically~*~*~ (hiding).
  5372 | D:5      | 5372 ||| Stepping ~*~*~tactically~*~*~ (hiding).
  5402 | D:5      | 5402 ||| Stepping ~*~*~tactically~*~*~ (stealth).
  5411 | D:5      | Reached skill level 9 in Axes
  5470 | D:5      | 5470 ||| Stepping ~*~*~tactically~*~*~ (stealth).
  5471 | D:5      | 5471 ||| Stepping ~*~*~tactically~*~*~ (stealth).
  5473 | D:5      | 5473 ||| Stepping ~*~*~tactically~*~*~ (stealth).
  5829 | D:5      | 5829 ||| UPGRADING to amulet of the acrobat.
  5834 | D:5      | 5834 ||| READING scroll labelled WIAFU VUILU.
  5835 | D:5      | 5835 ||| READING 2 scrolls labelled SOPUNE LEBUTT.
  5836 | D:5      | 5836 ||| READING scroll labelled HEYHEEF XAOSOI.
  5976 | D:5      | 5976 ||| READING 2 scrolls of identify.
  5976 | D:5      | 5976 ||| IDENTIFYING fizzy black potion
  5977 | D:5      | 5977 ||| DROPPING potion of degeneration.
  5978 | D:5      | 5978 ||| DROPPING scroll of vulnerability.
  6001 | D:6      | Reached skill level 3 in Dodging
  6078 | D:6      | 6078 ||| Stepping ~*~*~tactically~*~*~ (stealth).
  6281 | D:6      | Reached skill level 10 in Axes
  6286 | D:6      | Reached skill level 3 in Throwing
  6365 | D:6      | 6365 ||| FLEEEEING.
  6366 | D:6      | 6366 ||| FLEEEEING.
  6367 | D:6      | 6367 ||| FLEEEEING.
  6368 | D:6      | 6368 ||| FLEEEEING.
  6369 | D:6      | 6369 ||| FLEEEEING.
  6370 | D:6      | 6370 ||| FLEEEEING.
  6371 | D:6      | 6371 ||| FLEEEEING.
  6372 | D:6      | 6372 ||| FLEEEEING.
  6609 | D:6      | Reached XP level 9. HP: 52/52 MP: 13/13
  6788 | D:6      | 6788 ||| DROPPING orb of guile.
  6789 | D:6      | 6789 ||| DROPPING amulet of faith.
  6790 | D:6      | 6790 ||| READING scroll labelled HIROSOH JAHER.
  6958 | D:7      | Found a flagged portal.
  7103 | D:7      | Found a white marble altar of Elyvilon.
  7139 | D:7      | Found a staircase to the Ecumenical Temple.
  7140 | D:7      | 7140 ||| PLANNING TEMPLE
  7140 | D:7      | 7140 ||| READING scroll labelled ATYAWK ANAORCH.
  7141 | D:7      | 7141 ||| DRINKING 2 pink potions.
  7141 | D:7      | Gained mutation: You are somewhat resistant to further
                  | mutation. [potion of mutation]
  7145 | D:7      | 7145 ||| Stepping ~*~*~tactically~*~*~ (hiding).
  7146 | D:7      | 7146 ||| Stepping ~*~*~tactically~*~*~ (hiding).
  7195 | D:7      | 7195 ||| FLEEEEING.
  7196 | D:7      | 7196 ||| FLEEEEING.
  7197 | D:7      | 7197 ||| FLEEEEING.
  7198 | D:7      | 7198 ||| FLEEEEING.
  7199 | D:7      | 7199 ||| FLEEEEING.
  7202 | D:7      | 7202 ||| FLEEEEING.
  7203 | D:7      | 7203 ||| FLEEEEING.
  7204 | D:7      | 7204 ||| FLEEEEING.
  7205 | D:7      | 7205 ||| FLEEEEING.
  7206 | D:7      | 7206 ||| FLEEEEING.
  7207 | D:7      | 7207 ||| FLEEEEING.
  7208 | D:7      | 7208 ||| FLEEEEING.
  7209 | D:7      | 7209 ||| FLEEEEING.
  7210 | D:7      | 7210 ||| FLEEEEING.
  7211 | D:7      | 7211 ||| FLEEEEING.
  7212 | D:7      | 7212 ||| FLEEEEING.
  7213 | D:7      | 7213 ||| FLEEEEING.
  7214 | D:7      | 7214 ||| FLEEEEING.
  7215 | D:7      | 7215 ||| STAIRDANCE
  7294 | Temple   | Entered the Ecumenical Temple
  7406 | Temple   | Became a worshipper of Warmaster Okawaru
  7447 | Temple   | 7447 ||| PLANNING D:1-11
  7529 | D:7      | Reached skill level 11 in Axes
  8054 | D:8      | 8054 ||| Stepping ~*~*~tactically~*~*~ (stealth).
  8059 | D:8      | 8059 ||| Stepping ~*~*~tactically~*~*~ (stealth).
  8061 | D:8      | 8061 ||| Stepping ~*~*~tactically~*~*~ (hiding).
  8345 | D:8      | Noticed a two-headed ogre
  8351 | D:8      | HP: 4/54 [two-headed ogre/+0 giant club (28)]
  8352 | D:8      | 8352 ||| READING 3 scrolls of teleportation.
  8352 | D:8      | Demolished by a two-headed ogre

Levels and vault maps discovered:
D:1:      saegor_arrival_under_anarchy, layout_basic
D:2:      layout_basic
D:3:      layout_loops_ring, ebering_ecumenical_altar_mist, uniq_terence,
          uniq_natasha
D:4:      layout_rooms, nicolae_ossuary_entry_monument,
          chequers_serial_rivers_large_b, minmay_misc_feat_tower
D:5:      layout_cave_pods, hangedman_decor_points
D:6:      layout_loops_cross, minmay_misc_feat_nine_boxes
D:7:      layout_basic, elyvilon_altar_5, minmay_temple_entry_waves,
          enter_bailey_6
D:8:      layout_loops_corners, serial_glass, glass_columns_b, glass_columns_a,
          feat_on_display, minmay_strange_pillars, corexii_leaking_fountain,
          chequers_avenue
Temple:   kilobyte_greek_temple

Skill      XL: |  1  2  3  4  5  6  7  8  9 |
---------------+----------------------------+-----
Axes           | 3 4 5 6 7 8 10 11 | 11.5
Armour         | 2 3 4 |  4.0
Fighting       | 3 4 5 |  5.1
Throwing       | 3 |  3.2
Dodging        | 3 4 |  4.0
Spellcasting   | |  2.0
Translocations | |  2.4

Action                   |  1- 3 |  4- 6 |  7- 9 || total
-------------------------+-------+-------+-------++-------
Melee: Hand axe          |    70 |    54 |       ||   124
       Peck              |     9 |    11 |    16 ||    36
       Kick              |    20 |    24 |    33 ||    77
       Broad axe         |       |    50 |   123 ||   173
       Punch             |       |       |     1 ||     1
Throw: Boomerang         |     7 |       |    21 ||    28
       Javelin           |       |       |    35 ||    35
  Use: Scroll            |     5 |     7 |    10 ||    22
       Potion            |       |     2 |     1 ||     3
Armor: Leather armour    |     6 |       |       ||     6
       Chain mail        |    20 |    34 |    41 ||    95
Dodge: Dodged            |    28 |    30 |    38 ||    96

Table legend:
 A = Non-vault XP
 B = Vault XP
 C = Vault XP percentage of total XP
 D = Non-vault monster count
 E = Vault monster count
 F = Vault count percentage of total count
                 A         B        C        D         E       F
            +---------+---------+-------+---------+---------+-------
      Total |    3614 |     211 |   5.5 |     135 |      18 |  11.8
            +---------+---------+-------+---------+---------+-------
        D:1 |      37 |       0 |   0.0 |      21 |       0 |   0.0
        D:2 |      27 |       0 |   0.0 |       8 |       0 |   0.0
        D:3 |     122 |      72 |  37.1 |      14 |       2 |  12.5
        D:4 |     425 |       0 |   0.0 |      29 |       0 |   0.0
        D:5 |     920 |       0 |   0.0 |      16 |       0 |   0.0
        D:6 |     808 |       0 |   0.0 |      16 |       0 |   0.0
        D:7 |     946 |       0 |   0.0 |      20 |       0 |   0.0
        D:8 |     329 |       0 |   0.0 |      11 |       0 |   0.0
    Ossuary |       0 |     139 | 100.0 |       0 |      16 | 100.0
            +---------+---------+-------+---------+---------+-------
